 Dungeon Crawl Stone Soup version 0.32-a0-361-g289a535e89 (webtiles) character file.

Game seed: 15032518090308007789

5318 cforsyth the Fighter (level 10, -1/79 (82) HPs)
             Began as a Djinni Fire Elementalist on Feb 19, 2024.
             Shot with an arrow by a centaur (5 damage)
             ... on level 10 of the Dungeon.
             The game lasted 00:11:49 (9453 turns).

cforsyth the Fighter (Djinni Fire Elementalist)     Turns: 9453, Time: 00:11:49

HP:   -1/79 (82)    AC:  3    Str:  5    XL:     10   Next: 95%
Gold: 122           EV: 12    Int: 33    God:
                    SH:  0    Dex: 11

rFire   + + +        (no weapon)
rCold   x . .        (no shield)
rNeg    . . .        B - +1 robe of Zaage {+Inv MP+9 Int+3}
rPois   ∞            (no helmet)
rElec   .            (no cloak)
rCorr   +            (no gloves)
SInv    .            (boots unavailable)
Will    ++...        (no amulet)
Stlth   ++           R - ring of resist corrosion
HPRegen 0.33/turn    (no ring)
MPRegen 0.00/turn

%: infuse magic (-2 HP)
@: enlightened, flying, lightly drained
A: sickness immunity, fire resistance 3, cold vulnerability 1, float, innate
caster, HP casting, extra vitality 1, clever 2
a: Evoke Invisibility


You were on level 10 of the Dungeon.
You visited 1 branch of the dungeon, and saw 10 of its levels.

You collected 384 gold pieces.
You spent 262 gold pieces at shops.


Innate Abilities, Weirdness & Mutations

You are immune to sickness and miasma.
You are immune to poison.
Your flesh is almost immune to the effects of heat. (rF+++)
You are vulnerable to cold. (rC-)
You float through the air rather than walking.
You learn spells naturally, not from books.
Your magical power is your life essence.
You have superior vitality. (+4 MHP)
Your mind is very acute. (Int +8, Str/Dex -2)


   Skills:
 + Level 11.1 Fighting
 - Level 2.1 Dodging
 - Level 1.5 Stealth
 + Level 9.0 Spellcasting
 + Level 9.0 Conjurations
 + Level 9.0 Hexes
 + Level 9.0 Summonings
 + Level 9.0 Necromancy
 + Level 9.0 Translocations
 + Level 9.0 Fire Magic
 + Level 9.0 Ice Magic
 + Level 9.0 Air Magic
 + Level 9.0 Earth Magic
 + Level 9.0 Alchemy


You knew the following spells:

 Your Spells              Type           Power      Damage    Failure   Level
a - Momentum Strike       Conj/Tloc      100%       3d10      1%          2
b - Mercury Vapours       Alch/Air       100%       N/A       1%          2
c - Sigil of Binding      Hex            66%        N/A       1%          3
f - Foxfire               Conj/Fire      100%       2x1d9     1%          1
r - Inner Flame           Hex/Fire       66%        N/A       1%          3
s - Slow                  Hex            100%       N/A       1%          1
X - Scorch                Fire           100%       2d9       1%          2
Y - Volatile Blastmotes   Fire/Tloc      100%       2d18      1%          3
Z - Flame Wave            Conj/Fire      66%        2d15      1%          4
Your spell library was empty.

Inventory:

Missiles
 p - a throwing net {=f}
Armour
 B - the +1 robe of Zaage (worn) {+Inv MP+9 Int+3}
   (You bought it in a shop on level 7 of the Dungeon)

   Int+3:     It affects your intelligence (+3).
   MP+9:      It affects your magic capacity (+9).
   +Inv:      It lets you turn invisible.
Magical Staves
 y - a staff of conjuration {!a}
Jewellery
 v - a ring of see invisible
 R - a ring of resist corrosion (left hand)
 Z - a ring of wizardry
Wands
 n - a wand of flame (48)
 z - a wand of mindburst (19)
 A - a wand of paralysis (11)
Scrolls
 a - a scroll of silence {unknown}
 b - 7 scrolls of identify {unknown}
 c - a scroll of amnesia {unknown}
 g - 2 scrolls of poison {unknown}
 h - 4 scrolls of teleportation {unknown}
 i - 6 scrolls of enchant armour {unknown}
 j - 2 scrolls of torment {unknown}
 m - 5 scrolls of fog {unknown}
 r - a scroll of revelation {unknown}
 s - a scroll of brand weapon {unknown}
 t - 2 scrolls of summoning {unknown}
 x - 3 scrolls of blinking {unknown}
Potions
 d - a potion of cancellation {unknown}
 e - 3 potions of brilliance {unknown}
 f - 3 potions of enlightenment
 k - 2 potions of might {unknown}
 l - 2 potions of degeneration {unknown}
 o - 3 potions of curing {unknown}
 q - a potion of magic {unknown}
 u - 2 potions of mutation
 w - 2 potions of heal wounds {unknown}

Dungeon Overview and Level Annotations

Branches:
Dungeon (10/15)            Temple (0/1) D:5
   Lair: D:8-11         Orc: D:9-12

Altars:
Dithmenos
Elyvilon
Okawaru
Qazlal
Zin

Shops:
D:7 [

Annotations:
D:4 1 runed translucent door, ytrimaz's ghost, novice CoGl
D:10 Josephine

#..........# #..
#....(.....# #..
##'######### ##.
#.......### #▒ #######...#
###.# #############
#######'##
#...........######........#
+...........'..@.#........#
#.:.)......@####.c........#
#...........#
###........######
#...)...@...#
#....>...'.....
#######)#####
#........#####. #)###
#........# ## #...#
#######'## ###.## # .. #..#
.. .##


You could see Josephine and a centaur.


Message History

Josephine grins evilly.
There is an open door here.
As you close the door, it creaks loudly!
You feel yourself speed up.
Something unseen opens the door.
Things that are here:
a +0 orcbow; a centaur skeleton
There is a broken door here.
You see here a +0 orcbow.
There is an open door here.
Josephine casts a spell at you.
The ghostly flame explodes!
The ghostly fireball engulfs you!
You feel drained.
* * * LOW HITPOINT WARNING * * *
You reach down and close the door.
A centaur comes into view.
The centaur wields a +0 shortbow.
The centaur shoots an arrow.
The arrow hits you!
* * * LOW HITPOINT WARNING * * *
The centaur shoots an arrow.
The arrow barely misses you.
Okay, then.
Okay, then.
It was a potion of enlightenment.
You feel more buoyant.
The centaur shoots an arrow.
The arrow hits you but does no damage.
The centaur shoots an arrow.
The arrow misses you.
Josephine breaks down the door.
It was a potion of mutation.
You feel extremely strange.
You feel clever. x2; You feel more resistant to heat.
The centaur shoots an arrow.
The arrow hits you.
You die...

Skill      XL: |  1  2  3  4  5  6  7  8  9 10 |
---------------+-------------------------------+-----
Fighting       | 1 2 3 4 5 7 9 11 | 11.1
Spellcasting   | 4 5 6 7 9 |  9.0
Conjurations   | 4 5 6 7 9 |  9.0
Hexes          | 4 5 6 7 9 |  9.0
Summonings     | 4 5 6 7 9 |  9.0
Necromancy     | 4 5 6 7 9 |  9.0
Translocations | 4 5 6 7 9 |  9.0
Fire Magic     | 4 5 6 7 9 |  9.0
Ice Magic      | 4 5 6 7 9 |  9.0
Air Magic      | 4 5 6 7 9 |  9.0
Earth Magic    | 4 5 6 7 9 |  9.0
Alchemy        | 4 5 6 7 9 |  9.0
Dodging        | |  2.1
Stealth        | |  1.5

Action                     |  1- 3 |  4- 6 |  7- 9 | 10-12 || total
---------------------------+-------+-------+-------+-------++-------
   Cast: Foxfire           |    95 |   196 |   197 |    78 ||   566
         Scorch            |       |    13 |    24 |    19 ||    56
         Inner Flame       |       |     1 |    32 |    29 ||    62
         Mercury Vapours   |       |       |       |     1 ||     1
         Flame Wave        |       |       |       |     1 ||     1
    Use: Potion            |       |       |       |     2 ||     2
 Armour: Robe              |       |     9 |    33 |    27 ||    69
  Dodge: Dodged            |     2 |     9 |    19 |    14 ||    44

Levels and vault maps discovered:
D:1:      dpeg_arrival_round_a, layout_basic, chequers_serial_rivers_room_a,
          skrybe_limestone_x
D:2:      layout_loops_ring, st_stairs_13
D:3:      kennysheep_big_flooded_room, layout_rooms, serial_corexii_hall,
          chequers_hall_statues_y, chequers_hall_statues_y, uniq_ijyb
D:4:      layout_loops_ring, ebering_ghost_sewer_d, uniq_natasha
D:5:      layout_cave_pools, marbit_many_paths, nicolae_elyvilon_temple_path,
          minmay_temple_entry_fiery, uniq_duvessa, uniq_blork_the_orc
D:6:      layout_loops_ring, lemuel_doored_altar, okawaru_altar_gauntlet_db,
          uniq_sigmund
D:7:      layout_cave_pools, mainiacjoe_overflow_alcove_2, serial_shops,
          nicolae_shop_hallway_plus
D:8:      layout_gridville, onia_ninara_dug_in_and_dangerous
D:9:      layout_roguey, nicolae_qazlal_general_emergency, kennysheep_mini,
          mainiacjoe_overflow_surrounded_room
D:10:     layout_roguey, orc_0_dummy, lemuel_flame_loot_1, uniq_snorg,
          uniq_josephine

Notes
Turn   | Place    | Note
-------+----------+-------------------------------------------
     0 | D:1      | cforsyth the Djinni Fire Elementalist began the quest for
                  | the Orb.
     0 | D:1      | cforsyth set off with the following spells memorised:
                  | Foxfire, Scorch, Volatile Blastmotes, Inner Flame, Flame
                  | Wave.
     0 | D:1      | Reached XP level 1. HP: 15/15 MP: 0/0
   168 | D:1      | Reached XP level 2. HP: 19/22 MP: 0/0
   205 | D:1      | Reached skill level 1 in Fighting
   320 | D:1      | Reached XP level 3. HP: 24/27 MP: 0/0
   320 | D:1      | Learned a level 1 spell: Slow
   570 | D:1      | Reached skill level 2 in Fighting
   718 | D:1      | Reached XP level 4. HP: 30/33 MP: 0/0
  1901 | D:3      | Reached XP level 5. HP: 38/40 MP: 0/0
  1901 | D:3      | Learned a level 2 spell: Momentum Strike
  1986 | D:3      | Reached skill level 3 in Fighting
  1993 | D:3      | Reached skill level 4 in Spellcasting
  1993 | D:3      | Reached skill level 4 in Conjurations
  1993 | D:3      | Reached skill level 4 in Hexes
  1993 | D:3      | Reached skill level 4 in Summonings
  1993 | D:3      | Reached skill level 4 in Necromancy
  1993 | D:3      | Reached skill level 4 in Translocations
  1993 | D:3      | Reached skill level 4 in Fire Magic
  1993 | D:3      | Reached skill level 4 in Ice Magic
  1993 | D:3      | Reached skill level 4 in Air Magic
  1993 | D:3      | Reached skill level 4 in Earth Magic
  1993 | D:3      | Reached skill level 4 in Alchemy
  2206 | D:3      | Noticed Ijyb
  2217 | D:3      | Killed Ijyb
  2474 | D:3      | Reached XP level 6. HP: 44/46 MP: 0/0
  2557 | D:3      | Reached skill level 4 in Fighting
  2948 | D:4      | Noticed an ogre
  2951 | D:4      | Killed an ogre
  2952 | D:4      | Reached XP level 7. HP: 40/53 MP: 0/0
  2952 | D:4      | Learned a level 2 spell: Mercury Vapours
  3162 | D:4      | Reached skill level 5 in Fighting
  3162 | D:4      | Reached skill level 5 in Spellcasting
  3162 | D:4      | Reached skill level 5 in Conjurations
  3162 | D:4      | Reached skill level 5 in Hexes
  3162 | D:4      | Reached skill level 5 in Summonings
  3162 | D:4      | Reached skill level 5 in Necromancy
  3162 | D:4      | Reached skill level 5 in Translocations
  3162 | D:4      | Reached skill level 5 in Fire Magic
  3162 | D:4      | Reached skill level 5 in Ice Magic
  3162 | D:4      | Reached skill level 5 in Air Magic
  3162 | D:4      | Reached skill level 5 in Earth Magic
  3162 | D:4      | Reached skill level 5 in Alchemy
  3472 | D:4      | Found a runed translucent door.
  3487 | D:4      | Noticed ytrimaz's ghost (novice CoGl)
  3529 | D:4      | Noticed Natasha
  3531 | D:4      | Killed Natasha
  3752 | D:4      | Noticed Natasha
  3756 | D:4      | Killed Natasha
  3802 | D:4      | Noticed Natasha
  3805 | D:4      | Killed Natasha
  4222 | D:5      | Entered Level 5 of the Dungeon
  4238 | D:5      | Noticed Duvessa
  4328 | D:5      | Killed Duvessa
  4329 | D:5      | Reached XP level 8. HP: 46/61 MP: 0/0
  4330 | D:5      | Noticed Dowan
  4333 | D:5      | Killed Dowan
  4344 | D:5      | Reached skill level 6 in Fighting
  4513 | D:5      | Reached skill level 6 in Spellcasting
  4513 | D:5      | Reached skill level 6 in Conjurations
  4513 | D:5      | Reached skill level 6 in Hexes
  4513 | D:5      | Reached skill level 6 in Summonings
  4513 | D:5      | Reached skill level 6 in Necromancy
  4513 | D:5      | Reached skill level 6 in Translocations
  4513 | D:5      | Reached skill level 6 in Fire Magic
  4513 | D:5      | Reached skill level 6 in Ice Magic
  4513 | D:5      | Reached skill level 6 in Air Magic
  4513 | D:5      | Reached skill level 6 in Earth Magic
  4513 | D:5      | Reached skill level 6 in Alchemy
  4658 | D:5      | Noticed Blork the orc
  4662 | D:5      | Killed Blork the orc
  4835 | D:5      | Reached skill level 7 in Fighting
  4959 | D:5      | Found a white marble altar of Elyvilon.
  5147 | D:5      | Reached XP level 9. HP: 65/68 MP: 0/0
  5147 | D:5      | Learned a level 3 spell: Sigil of Binding
  5190 | D:5      | Found a staircase to the Ecumenical Temple.
  5395 | D:6      | Noticed Sigmund
  5397 | D:6      | Killed Sigmund
  5406 | D:6      | Reached skill level 8 in Fighting
  5686 | D:5      | Reached skill level 7 in Spellcasting
  5686 | D:5      | Reached skill level 7 in Conjurations
  5686 | D:5      | Reached skill level 7 in Hexes
  5686 | D:5      | Reached skill level 7 in Summonings
  5686 | D:5      | Reached skill level 7 in Necromancy
  5686 | D:5      | Reached skill level 7 in Translocations
  5686 | D:5      | Reached skill level 7 in Fire Magic
  5686 | D:5      | Reached skill level 7 in Ice Magic
  5686 | D:5      | Reached skill level 7 in Air Magic
  5686 | D:5      | Reached skill level 7 in Earth Magic
  5686 | D:5      | Reached skill level 7 in Alchemy
  6250 | D:6      | Found a shadowy altar of Dithmenos.
  6311 | D:6      | Found an iron altar of Okawaru.
  6413 | D:6      | Reached skill level 9 in Fighting
  6946 | D:7      | Reached XP level 10. HP: 52/78 MP: 0/0
  7368 | D:7      | Found a glowing silver altar of Zin.
  7455 | D:7      | Found Peffixaf's Antique Armour Shop.
  7475 | D:7      | Bought a masterwork robe for 131 gold pieces
  7475 | D:7      | Identified the +1 robe of Zaage {+Inv MP+9 Int+3} (You
                  | bought it in a shop on level 7 of the Dungeon)
  7475 | D:7      | Bought a spiked robe for 131 gold pieces
  7475 | D:7      | Identified the +0 robe "Cos Yhy" {Rampage} (You bought it
                  | in a shop on level 7 of the Dungeon)
  7652 | D:8      | Found the +5 robe of Misfortune {Harm *Corrode *Slow EV+5}
  7667 | D:8      | Reached skill level 8 in Spellcasting
  7667 | D:8      | Reached skill level 8 in Conjurations
  7667 | D:8      | Reached skill level 8 in Hexes
  7667 | D:8      | Reached skill level 8 in Summonings
  7667 | D:8      | Reached skill level 8 in Necromancy
  7667 | D:8      | Reached skill level 8 in Translocations
  7667 | D:8      | Reached skill level 8 in Fire Magic
  7667 | D:8      | Reached skill level 8 in Ice Magic
  7667 | D:8      | Reached skill level 8 in Air Magic
  7667 | D:8      | Reached skill level 8 in Earth Magic
  7667 | D:8      | Reached skill level 8 in Alchemy
  7908 | D:8      | Reached skill level 10 in Fighting
  8904 | D:9      | Found a stormy altar of Qazlal.
  8909 | D:9      | You are sucked into a shaft and drop 1 floor!
  8909 | D:10     | Entered Level 10 of the Dungeon
  9034 | D:10     | Noticed Snorg
  9041 | D:10     | Killed Snorg
  9410 | D:10     | Reached skill level 11 in Fighting
  9416 | D:10     | Reached skill level 9 in Spellcasting
  9416 | D:10     | Reached skill level 9 in Conjurations
  9416 | D:10     | Reached skill level 9 in Hexes
  9416 | D:10     | Reached skill level 9 in Summonings
  9416 | D:10     | Reached skill level 9 in Necromancy
  9416 | D:10     | Reached skill level 9 in Translocations
  9416 | D:10     | Reached skill level 9 in Fire Magic
  9416 | D:10     | Reached skill level 9 in Ice Magic
  9416 | D:10     | Reached skill level 9 in Air Magic
  9416 | D:10     | Reached skill level 9 in Earth Magic
  9416 | D:10     | Reached skill level 9 in Alchemy
  9433 | D:10     | Noticed Josephine
  9450 | D:10     | HP: 3/79 [centaur/arrow (9)]
  9453 | D:10     | Gained mutation: Your mind is acute. (Int +4, Str/Dex -1)
                  | [potion of mutation]
  9453 | D:10     | Gained mutation: Your mind is very acute. (Int +8, Str/Dex
                  | -2) [potion of mutation]
  9453 | D:10     | Gained mutation: Your flesh is almost immune to the effects
                  | of heat. (rF+++) [potion of mutation]
  9453 | D:10     | Shot with an arrow by a centaur

Vanquished Creatures
  Snorg (D:10)
  A hornet (D:8)
  Sigmund (D:6)
  A wyvern (D:10)
  A wraith (D:10)
  Duvessa (D:5)
  2 ice beasts
  5 sky beasts
  A black bear (D:5)
  2 ogres
  5 centaurs
  3 phantoms
  Blork the orc (D:5)
  A gnoll sergeant (D:5)
  4 scorpions
  3 bullfrogs (D:7)
  9 wights (D:8)
  Dowan (D:5)
  6 howler monkeys
  4 hounds
  4 bombardier beetles
  3 orc priests
  2 iguanas (D:5)
  4 jellies
  Ijyb (D:3)
  3 orc wizards
  Natasha (thrice) (D:4)
  8 adders
  5 gnolls
  A shadow imp (D:5)
  3 white imps
  3 dart slugs
  23 orcs
  9 ball pythons
  2 bats
  6 endoplasms
  6 giant cockroaches
  7 goblins
  8 hobgoblins
  6 jackals (D:1)
  3 quokkas
  3 frilled lizards (D:1)
  12 kobolds
  9 rats
187 creatures vanquished.

Vanquished Creatures (collateral kills)
  6 foxfires (D:5)
6 creatures vanquished.

Vanquished Creatures (others)
  946 foxfires
946 creatures vanquished.

Grand Total: 1139 creatures vanquished

Table legend: (Time is in decaauts)
 A = Elapsed time spent in this place.
 B = Non-inter-level travel time spent in this place.
 C = Inter-level travel time spent in this place.
 D = Time resting spent in this place.
 E = Time spent auto-exploring this place.
 F = Levels seen in this place.
 G = Mean time per level.
                   A        B        C        D        E       F      G
               +--------+--------+--------+--------+--------+-----+--------+
         Total |   9459 |   9269 |    190 |    530 |   7492 |  10 |  945.9 |
       Dungeon |   9459 |   9269 |    190 |    530 |   7492 |  10 |  945.9 |
               +--------+--------+--------+--------+--------+-----+--------+

Top non-repeatable levels by time:
     D:4: 1641 daAuts
     D:5: 1436 daAuts
     D:8: 1241 daAuts
     D:1: 1035 daAuts
     D:6: 1001 daAuts
     D:7: 913 daAuts
     D:2: 832 daAuts
     D:3: 792 daAuts
    D:10: 548 daAuts
     D:9: 14 daAuts

Table legend:
 A = Non-vault XP
 B = Vault XP
 C = Vault XP percentage of total XP
 D = Non-vault monster count
 E = Vault monster count
 F = Vault count percentage of total count
                 A         B        C        D         E       F
            +---------+---------+-------+---------+---------+-------
      Total |    5755 |    1843 |  24.3 |     169 |      18 |   9.6
            +---------+---------+-------+---------+---------+-------
        D:1 |      73 |       0 |   0.0 |      28 |       0 |   0.0
        D:2 |      60 |       2 |   3.2 |      17 |       1 |   5.6
        D:3 |     162 |      42 |  20.6 |      20 |       3 |  13.0
        D:4 |     413 |      36 |   8.0 |      24 |       1 |   4.0
        D:5 |    1084 |     318 |  22.7 |      24 |       4 |  14.3
        D:6 |    1013 |     269 |  21.0 |      11 |       7 |  38.9
        D:7 |     769 |       0 |   0.0 |      14 |       0 |   0.0
        D:8 |    1389 |       0 |   0.0 |      20 |       0 |   0.0
       D:10 |     792 |    1176 |  59.8 |      11 |       2 |  15.4
            +---------+---------+-------+---------+---------+-------
